 Dungeon Crawl Stone Soup version 0.25-a0-404-gc1b5a34292 (webtiles) character file.

Game seed: 13471750688125665730, levelgen mode: deterministic

680 Jerej03 the Chiller (level 7, -1/52 HPs)
             Began as a Red Draconian Ice Elementalist on Jan 12, 2020.
             Was a Follower of Sif Muna.
             Slain by an ogre
             ... wielding a +0 giant spiked club
              (17 damage)
             ... on level 4 of the Dungeon.
             The game lasted 00:25:11 (2592 turns).

Jerej03 the Chiller (DrIE)                          Turns: 2592, Time: 00:25:12

Health: -1/52      AC:  7    Str: 11    XL:     7   Next: 34%
Magic:  0/13       EV: 15    Int: 17    God:    Sif Muna [*.....]
Gold:   175        SH:  0    Dex: 16    Spells: 5/14 levels left

rFire    + . .     SeeInvis .   f - +3 hand axe (flame)
rCold    . . .     Gourm    .   (no shield)
rNeg     . . .     Faith    .   (armour unavailable)
rPois    .         Spirit   .   (helmet restricted)
rElec    .         Reflect  .   (no cloak)
rCorr    .         Harm     .   e - +0 pair of gloves
MR       .....                  (no boots)
Stlth    ++........             a - amulet of regeneration
HPRegen  0.57/turn              g - +2 ring of evasion
MPRegen  0.13/turn              i - +5 ring of dexterity

@: no status effects
A: breathe fire, unfitting armour, fire resistance 1, cold-blooded, AC +6
a: Breathe Fire, Channel Magic, Renounce Religion


You were on level 4 of the Dungeon.
You worshipped Sif Muna.
Sif Muna was aware of your devotion.
You were hungry.

You visited 1 branch of the dungeon, and saw 4 of its levels.

You collected 175 gold pieces.

Inventory:

Hand Weapons
 f - a +3 hand axe of flaming (weapon)
Armour
 e - a +0 pair of gloves (worn)
Jewellery
 a - an amulet of regeneration (around neck)
 g - a +2 ring of evasion (left hand)
 i - a +5 ring of dexterity (right hand)
Wands
 j - a wand of iceblast (1)
 n - a wand of clouds (5)
Scrolls
 k - 3 scrolls of enchant armour
Potions
 m - 2 potions of invisibility {unknown}
Comestibles
 b - 6 rations


   Skills:
 + Level 1.1 Fighting
 + Level 2.1 Axes
 + Level 2.7 Dodging
 + Level 2.2 Stealth
 + Level 4.3 Spellcasting
 + Level 0.8 Conjurations
 * Level 5.6 Ice Magic


You had 5 spell levels left.
You knew the following spells:

 Your Spells              Type           Power        Failure   Level  Hunger
a - Freeze                Ice            ###.         1%          1    None
b - Hailstorm             Conj/Ice       ##......     38%         4    ####...
c - Summon Ice Beast      Ice/Summ       ##......     43%         4    ####...

Your spell library contained the following spells:

 Spells                   Type           Power        Failure   Level  Hunger
 Ozocubu's Armour         Chrm/Ice       ##......     14%         3    ###....


Dungeon Overview and Level Annotations

Branches:
Dungeon (4/15)
 Temple: D:4-7

Altars:
Sif Muna
Wu Jian
Yredelemnul
The Shining One


Innate Abilities, Weirdness & Mutations

You can breathe blasts of fire.
Your fiery red scales are hard. (AC +6)
You cannot fit into any form of body armour.
Your flesh is heat resistant. (rF+)
You are cold-blooded and may be slowed by cold attacks.


Message History

You freeze the ogre.
The ogre is heavily wounded.
The ogre misses you.
Casting: Freeze (safe; 1% risk of failure)
Confirm with . or Enter, or press ? or * to list all spells.
Aiming: Freeze (safe; 1% risk of failure)
Press: ? - help, Shift-Dir - straight line, f/p - ogre
Aim: an ogre, wielding a +0 giant spiked club (heavily wounded)
You freeze the ogre!
The ogre is almost dead.
The ogre completely misses you.
Casting: Freeze (safe; 1% risk of failure)
Confirm with . or Enter, or press ? or * to list all spells.
Aiming: Freeze (safe; 1% risk of failure)
Press: ? - help, Shift-Dir - straight line, f/p - ogre
Aim: an ogre, wielding a +0 giant spiked club (almost dead)
You freeze the ogre.
The ogre is almost dead.
The ogre hits you with a +0 giant spiked club!
You die...

..####............
......#........#..
.......<........# ...
.###............# ....
##....†......# .#...
##..........# .(...
#..........##...
##...#######.o..........#
#...........@O..)..####
#..........###..#.##
.............##...##
..##.##..###.......# .
#....)..####.....###..#
.##.#.#.###†.#####.......###
........####.†e# #...###...
.?........####.###...##..#.
...........###........#.####


You could see an ogre and an orc.

Vanquished Creatures
  Duvessa (D:4)
  A slave (D:4)
  An ogre (D:4)
  An orc warrior (D:3)
  Dowan (D:4)
  A howler monkey (D:4)
  3 orc wizards
  A gnoll (D:1)
  8 adders
  An ooze (D:2)
  An adder skeleton (D:4)
  3 worms
  2 dart slugs
  7 leopard geckos
  8 orcs
  4 giant cockroaches
  7 goblins
  10 hobgoblins
  18 jackals
  A quokka (D:3)
  2 ball pythons (D:4)
  11 bats
  13 frilled lizards
  3 kobolds
  8 rats
117 creatures vanquished.

Vanquished Creatures (others)
  An orc wizard (D:3)
  A jackal (D:4)
2 creatures vanquished.

Grand Total: 119 creatures vanquished

Notes
Turn   | Place    | Note
-------+----------+-------------------------------------------
     0 | D:1      | Jerej03 the Draconian Ice Elementalist began the quest for
                  | the Orb.
     0 | D:1      | Reached XP level 1. HP: 14/14 MP: 3/3
   212 | D:1      | Reached XP level 2. HP: 20/20 MP: 0/5
   351 | D:1      | Reached XP level 3. HP: 4/26 MP: 0/6
   631 | D:2      | Reached skill level 5 in Ice Magic
   646 | D:2      | Reached XP level 4. HP: 30/33 MP: 2/8
   650 | D:2      | Reached skill level 1 in Axes
   793 | D:2      | Found an ornate altar of the Wu Jian Council.
   845 | D:2      | Found a glowing golden altar of the Shining One.
  1053 | D:2      | Learned a level 4 spell: Hailstorm
  1058 | D:2      | Learned a level 4 spell: Summon Ice Beast
  1559 | D:3      | Reached XP level 5. HP: 38/38 MP: 0/9
  1602 | D:3      | Found a shimmering blue altar of Sif Muna.
  1610 | D:3      | Became a worshipper of Sif Muna the Loreminder
  1969 | D:3      | Noticed an orc warrior
  1991 | D:3      | Killed an orc warrior
  1991 | D:3      | Reached skill level 6 in Ice Magic
  1991 | D:3      | Reached XP level 6. HP: 12/46 MP: 1/11
  2200 | D:3      | Reached * piety under Sif Muna
  2480 | D:4      | Noticed Duvessa
  2480 | D:4      | Noticed Dowan
  2513 | D:4      | Killed Duvessa
  2513 | D:4      | Your scales start taking on a fiery red colour.
  2513 | D:4      | Reduced skill Ice Magic to level 5
  2513 | D:4      | Reached XP level 7. HP: 36/51 MP: 1/13
  2513 | D:4      | Gained mutation: Your flesh is heat resistant. (rF+) [Red
                  | Draconian growth]
  2538 | D:4      | Killed Dowan
  2538 | D:4      | Reached skill level 1 in Fighting
  2559 | D:4      | Found a basalt altar of Yredelemnul.
  2568 | D:4      | HP: 2/52 [ogre/+0 giant spiked club (6)]
  2592 | D:4      | Slain by an ogre

Levels and vault maps discovered:
D:1:      minmay_arrival_widening_spiral_wide, layout_basic, minmay_lizard_pond
D:2:      layout_loops_ring, lemuel_coloured_pillars_altar,
          nicolae_tso_swordbearing_angel, eino_curves_02, bh_walls_and_bars
D:3:      layout_basic, led_sif_book
D:4:      layout_rooms, dancing_weapons_uskayaw, yredelemnul_altar_generic,
          minmay_temple_entry_offerings, mrwooster_statue_mirror, uniq_duvessa,
          uniq_pikel

Skill      XL: |  1  2  3  4  5  6  7 |
---------------+----------------------+-----
Ice Magic      | 5 6 5 |  5.6
Axes           | 1 2 |  2.1
Dodging        | 2 |  2.7
Spellcasting   | 3 4 |  4.3
Stealth        | 2 |  2.2
Fighting       | 1 |  1.1
Conjurations   | |  0.8

Action                   |  1- 3 |  4- 6 |  7- 9 || total
-------------------------+-------+-------+-------++-------
Melee: Dagger            |     3 |       |       ||     3
       Hand axe          |    36 |    89 |    31 ||   156
       Tailslap          |     1 |     9 |     4 ||    14
 Cast: Freeze            |    38 |    60 |    12 ||   110
       Hailstorm         |       |     8 |       ||     8
 Abil: Breathe Fire      |       |       |     1 ||     1
Evoke: Wand              |       |     1 |       ||     1
  Use: Potion            |       |     2 |       ||     2
       Scroll            |       |     5 |       ||     5
 Stab: Sleeping          |     1 |       |       ||     1
  Eat: Chunk             |       |     8 |       ||     8
Armor: Skin              |    27 |    37 |    12 ||    76
Dodge: Dodged            |    53 |   123 |    43 ||   219

Table legend:
 A = Non-vault XP
 B = Vault XP
 C = Vault XP percentage of total XP
 D = Non-vault monster count
 E = Vault monster count
 F = Vault count percentage of total count
                 A         B        C        D         E       F
            +---------+---------+-------+---------+---------+-------
      Total |     687 |     285 |  29.3 |     107 |      11 |   9.3
            +---------+---------+-------+---------+---------+-------
        D:1 |      69 |       7 |   9.2 |      30 |       7 |  18.9
        D:2 |     115 |       0 |   0.0 |      28 |       0 |   0.0
        D:3 |     260 |      58 |  18.2 |      34 |       2 |   5.6
        D:4 |     243 |     220 |  47.5 |      15 |       2 |  11.8
            +---------+---------+-------+---------+---------+-------
